 Dungeon Crawl Stone Soup version 0.32-a0-666-ge8a88695a4 (webtiles) character file.

Game seed: 18364966687237506697

235296 cforsyth the Warrior (level 18, 0/178 HPs)
             Began as a Mountain Dwarf Necromancer on Mar 9, 2024.
             Was the Champion of Kikubaaqudgha.
             Killed by angry trees
             ... awakened by a spriggan druid
              (13 damage)
             ... on level 3 of the Swamp.
             The game lasted 01:54:44 (50445 turns).

cforsyth the Warrior (Mountain Dwarf Necromancer)  Turns: 50445, Time: 01:54:45

Health: 0/178      AC: 38    Str: 26    XL:     18   Next: 90%
Magic:  30/30      EV: 24    Int: 18    God:    Kikubaaqudgha [******]
Gold:   3870       SH: 14    Dex: 13    Spells: 6/21 levels left

rFire   + . .        J - +4 war axe (elec)
rCold   + + .        U - +2 kite shield
rNeg    . . .        D - +6 chain mail of the Transmuting Gods {rF+ Dex+5}
rPois   +            I - +2 hat
rElec   .            s - +2 cloak "Izxig" {rPois Will++ Dex-4 Slay+6}
rCorr   .            N - +2 pair of gloves {Str+3}
SInv    .            Y - +2 pair of boots of Sessoapeoff {Rampage rC+}
Will    +++..        F - amulet "Soryoc" {Acrobat rC+ MP+9 Dex+2} Stlth
                     T - +4 ring of protection
HPRegen 0.49/turn    S - +6 ring of strength
MPRegen 0.22/turn

%: acrobat, rampage
@: acrobatic, hasted, quick
A: runic magic, artefact enchanting
}: 1/15 runes: gossamer
a: Renounce Religion, Unearth Wretches, Torment


You were on level 3 of the Swamp.
You worshipped Kikubaaqudgha.
Kikubaaqudgha was exalted by your worship.
You visited 7 branches of the dungeon, and saw 32 of its levels.
You also visited: Bailey.

You collected 4362 gold pieces.
You spent 492 gold pieces at shops.


Innate Abilities, Weirdness & Mutations

Your spellcasting is much less encumbered by armour.
You can use scrolls of enchantment on lesser artefacts.


   Skills:
 - Level 20.1 Fighting
 - Level 17.5 Axes
 + Level 19.7 Armour
 + Level 2.0 Dodging
 - Level 1.4 Stealth
 + Level 12.1 Shields
 + Level 2.3 Spellcasting
 + Level 19.5 Necromancy


You had 6 spell levels left.
You knew the following spells:

 Your Spells              Type           Power      Damage    Failure   Level
a - Animate Dead          Necr           64%        N/A       1%          4
d - Death Channel         Necr           32%        N/A       1%          6
n - Dispel Undead         Necr           64%        3d22      1%          4
X - Necrotise             Necr           100%       1d9       0%          1

Your spell library contained the following spells:

 Spells                   Type           Power      Damage    Failure   Level
 Kiss of Death            Conj/Necr      100%       2d13      1%          1
 Sublimation of Blood     Necr           64%        N/A       1%          2
 Fugue of the Fallen      Necr           64%        N/A       1%          3
 Vampiric Draining        Necr           64%        2d10      1%          3
 Curse of Agony           Necr           64%        N/A       1%          5
 Anguish                  Hex/Necr       18%        N/A       6%          4
 Martyr's Knell           Necr/Summ      37%        N/A       6%          4
 Magic Dart               Conj           8%         1d3       34%         1
 Shock                    Conj/Air       8%         1d3       34%         1
 Summon Small Mammal      Summ           8%         N/A       34%         1
 Blink                    Tloc           4%         N/A       45%         2
 Call Imp                 Summ           4%         N/A       45%         2
 Ensorcelled Hibernation  Hex/Ice        4%         N/A       45%         2
 Lesser Beckoning         Tloc           4%         N/A       45%         2
 Momentum Strike          Conj/Tloc      4%         3d8       45%         2
 Static Discharge         Conj/Air       4%         3-4/arc   45%         2
 Call Canine Familiar     Summ           2%         N/A       71%         3
 Confusing Touch          Hex            2%         N/A       71%         3
 Dazzling Flash           Conj/Hex       4%         N/A       71%         3
 Frozen Ramparts          Ice            4%         1d1       71%         3
 Mephitic Cloud           Conj/Alch/Air  2%         N/A       71%         3
 Ozocubu's Armour         Ice            2%         N/A       71%         3
 Swiftness                Air            2%         N/A       71%         3
 Tukima's Dance           Hex            2%         N/A       71%         3
 Volatile Blastmotes      Fire/Tloc      4%         2d10      71%         3
 Airstrike                Air            1%         2d(1-17)  98%         4
 Ignite Poison            Fire/Alch      2%         N/A       98%         4
 Leda's Liquefaction      Alch/Erth      1%         N/A       98%         4
 Manifold Assault         Tloc           2%         N/A       98%         4
 Passage of Golubria      Tloc           2%         N/A       98%         4
 Petrify                  Alch/Erth      2%         N/A       98%         4
 Sticky Flame             Fire/Alch      2%         2d4       98%         4
 Summon Blazeheart Golem  Fire/Summ      2%         N/A       98%         4
 Summon Lightning Spire   Summ/Air       2%         N/A       98%         4
 Iskenderun's Battlesphe  Conj           2%         2d6       100%        5
 Lee's Rapid Deconstruct  Erth           1%         3d4*      100%        5
 Metabolic Englaciation   Hex/Ice        1%         N/A       100%        5
 Silence                  Hex/Air        1%         N/A       100%        5
 Summon Forest            Summ/Tloc      1%         N/A       100%        5
 Summon Mana Viper        Hex/Summ       2%         N/A       100%        5
 Yara's Violent Unravell  Hex/Alch       1%         3d3       100%        5
 Bombard                  Conj/Erth      1%         9d1       100%        6
 Dispersal                Tloc           1%         N/A       100%        6
 Starburst                Conj/Fire      1%         6d3       100%        6
 Summon Cactus Giant      Summ           1%         N/A       100%        6
 Borgnjor's Revivificati  Necr           32%        N/A       58%         8
 Infestation              Necr           32%        N/A       58%         8
 Haunt                    Necr/Summ      18%        N/A       99%         7
 Spellforged Servitor     Conj/Summ      1%         N/A       100%        7
 Disjunction              Tloc           1%         N/A       100%        8
 Ignition                 Fire           1%         3d3       100%        8
 Maxwell's Capacitive Co  Air            1%         ∞         100%        8
 Death's Door             Necr           32%        N/A       100%        9

Inventory:

Hand Weapons
 a - a +0 heavy broad axe
 c - a +0 hand axe of flaming
 J - a +4 war axe of electrocution (weapon)
Armour
 s - the +2 cloak "Izxig" (worn) {rPois Will++ Dex-4 Slay+6}
   (You found it on level 4 of the Dungeon)

   Dex-4:     It affects your dexterity (-4).
   Slay+6:    It affects your accuracy & damage with ranged weapons and melee
   (+6).
   rPois:     It protects you from poison.
   Will++:    It greatly increases your willpower.
 D - the +6 chain mail of the Transmuting Gods (worn) {rF+ Dex+5}
   (You found it on level 12 of the Dungeon)

   Dex+5:     It affects your dexterity (+5).
   rF+:       It protects you from fire.
 I - a +2 hat (worn)
 N - a +2 pair of gloves of strength (worn)
 U - a +2 kite shield (worn)
 Y - the +2 pair of boots of Sessoapeoff (worn) {Rampage rC+}
   (You found it on level 5 of the Lair of Beasts)

   rC+:       It protects you from cold.
   Rampage:   It bestows one free step when moving towards enemies.
Jewellery
 C - a ring of protection from cold
 F - the amulet "Soryoc" (around neck) {Acrobat rC+ MP+9 Dex+2}
   (You took it off a deep elf archer on level 2 of the Elven Halls)

   [amulet of the acrobat]

   Acrobat:   It increases your evasion while moving and waiting.
   Dex+2:     It affects your dexterity (+2).
   rC+:       It protects you from cold.
   MP+9:      It affects your magic capacity (+9).
 L - a ring of flight
 M - a ring of magical power
 R - a ring of resist corrosion
 S - a +6 ring of strength (right hand)
 T - a +4 ring of protection (left hand)
 W - a ring of willpower
Wands
 x - a wand of digging (9)
 z - a wand of paralysis (23)
 A - a wand of flame (29)
 E - a wand of light (10)
 G - a wand of mindburst (9)
 P - a wand of polymorph (8)
 X - a wand of roots (3)
Scrolls
 d - 18 scrolls of enchant armour
 g - 3 scrolls of silence {!r}
 j - 7 scrolls of poison
 n - 3 scrolls of noise
 p - 11 scrolls of enchant weapon
 r - a scroll of vulnerability
 v - 6 scrolls of amnesia
 y - 3 scrolls of torment
 H - 8 scrolls of fog
 K - 3 scrolls of fear
 O - 5 scrolls of teleportation {@r2}
 V - 3 scrolls of immolation
 Z - 4 scrolls of revelation
Potions
 b - 8 potions of magic
 f - a potion of lignification
 h - 8 potions of berserk rage {!q}
 i - 6 potions of brilliance
 k - 4 potions of might
 m - 6 potions of mutation
 o - 3 potions of invisibility
 q - 6 potions of attraction
 t - 6 potions of curing {@q1}
 u - 9 potions of ambrosia
 w - 2 potions of enlightenment
 B - 4 potions of haste {@q3}
 Q - 2 potions of cancellation

Dungeon Overview and Level Annotations

Branches:
Dungeon (15/15)            Temple (1/1) D:6            Lair (5/5) D:9
  Swamp (3/4) Lair:2       Spider (4/4) Lair:2        Slime (0/5) Lair:4
    Orc (2/2) D:9             Elf (2/3) Orc:2        Vaults (0/5) D:13
 Depths (0/4) D:15         Bailey (visited)

Altars:
Ashenzari
Cheibriados
Dithmenos
Elyvilon
Fedhas
Gozag
Hepliaklqana
Kikubaaqudgha
Makhleb
Nemelex Xobeh
Okawaru
Qazlal
Ru
Sif Muna
Trog
Uskayaw
Vehumet
Wu Jian
Xom
Yredelemnul
Zin
The Shining One
Beogh

Shops:
D:2 !   D:3 [   D:6 *   D:15 [   Orc:1 =   Orc:2 :*[(

Annotations:
D:14 1 runed translucent door
Lair:3 exclusion: 4 oklob plants

~.~♣ ♣ ~≈♣ ♣..♣
P ≈~≈ ♣.~♣♣~ ≈~
♣~~♣~♣ ♣♣ ♣
♣~~▒§♣ ♣♣ .~ .
♣♣~~♣~♣♣~♣♣ ♣
~▒▒
♣.~~♣~.i≈~▒F~≈♣
)▒
♣.§@.~w~i~~≈~♣
i
♣..▒♣♣♣D♣♣b~≈♣
▒ ♣♣§♣ ♣♣ ≈~♣
▒▒H ▒ ♣.▒ D
..~.. ♣~▒ ♣ ♣.♣
~≈~≈~ .~♣ ≈~≈§≈
..♣ ♣≈~≈♣ ~.♣
▒▒~♣


You could see a five-headed hydra, a tyrant leech, 2 spriggan druids and a
goliath frog (distracted).


Message History

Your butterfly disappears in a burst of colours!
A root smacks your butterfly from below!
Your butterfly dies!
Your butterfly disappears in a burst of colours!
A tree reaches out and hits your butterfly!
Your butterfly dies!
Your butterfly disappears in a burst of colours!
You block the spriggan druid's attack.
Unknown command.
Unknown command.
Unknown command.
Unknown command.
Unknown command.
Unknown command.
You enter the shallow water.
Moving in this stuff is going to be slow.
The five-headed hydra barely misses your butterfly.
The five-headed hydra bites your butterfly!
Your butterfly dies!
Your butterfly disappears in a burst of colours!
Something completely misses your butterfly.
Unknown command.
Unknown command.
A goliath frog comes into view.
Your butterfly is hit by a branch!
Your butterfly dies!
Your butterfly disappears in a burst of colours!
A tree reaches out and hits you!
You die...
Kikubaaqudgha rasps: You have failed me!
Welcome... death!

Skill      XL: |  1  2  3  4  5  6  7  8  9 10 11 12 13 14 15 16 17 18 |
---------------+-------------------------------------------------------+-----
Fighting       | 1 2 3 4 5 7 8 9 11 12 13 14 16 17 19 20 | 20.1
Necromancy     | 5 6 8 9 11 12 13 15 16 18 19 | 19.5
Axes           | 2 3 5 7 10 13 15 17 | 17.5
Armour         | 2 3 5 7 8 10 11 12 14 15 17 18 19 | 19.7
Shields        | 2 3 5 7 8 10 11 12 | 12.1
Spellcasting   | 2 |  2.3
Dodging        | 2 |  2.0
Stealth        | |  1.4

Action                     |  1- 3 |  4- 6 |  7- 9 | 10-12 | 13-15 | 16-18 || total
---------------------------+-------+-------+-------+-------+-------+-------++-------
  Melee: Unarmed           |     4 |       |       |       |       |       ||     4
         Short sword       |    33 |    33 |    14 |       |       |       ||    80
         Hand axe          |       |       |       |   354 |       |    26 ||   380
         War axe           |       |       |       |   256 |  1468 |  1373 ||  3097
   Fire: Orcbow            |       |       |   185 |   167 |       |       ||   352
   Cast: Necrotise         |    78 |   112 |    57 |     6 |     1 |       ||   254
         Animate Dead      |       |       |       |    13 |    17 |    23 ||    53
         Dispel Undead     |       |       |       |     3 |       |       ||     3
         Death Channel     |       |       |       |       |       |     3 ||     3
 Invoke: Receive Forbidden |       |       |       |       |     1 |       ||     1
  Evoke: Wand              |       |       |    13 |    14 |    27 |     4 ||    58
    Use: Scroll            |       |     2 |     8 |     7 |    11 |    15 ||    43
         Potion            |       |       |       |     3 |     4 |    11 ||    18
   Stab: Distracted        |     1 |       |       |     3 |    16 |     8 ||    28
         Paralysed         |       |       |       |    19 |       |       ||    19
         Petrified         |       |       |       |       |    11 |       ||    11
         Invisible         |       |       |       |       |     4 |       ||     4
 Armour: Robe              |     7 |       |       |       |       |       ||     7
         Chain mail        |    53 |    89 |     7 |    87 |   647 |  1143 ||  2026
         Plate armour      |       |       |   164 |   421 |       |       ||   585
  Dodge: Dodged            |    25 |    21 |   101 |   379 |   538 |   587 ||  1651
  Block: Kite shield       |       |       |       |    77 |   825 |   995 ||  1897

Levels and vault maps discovered:
D:1:      dpeg_arrival_arbitrary_a, layout_loops_corners
D:2:      layout_rooms, serial_shops, shop, uniq_jessica
D:3:      layout_loops_cross, serial_shops, shop,
          minmay_fractal_squares_gapless_5
D:4:      layout_gridville, nicolae_qazlal_general_emergency,
          chequers_serial_rivers_large_b, wad_orctagon
D:5:      layout_loops_ring, nicolae_hepliaklqana_hazy_memory,
          uniq_crazy_yiuf_cottage, uniq_duvessa
D:6:      lemuel_slime, layout_basic, temple_hall, gammafunk_ghost_cemetery,
          guppyfry_shop_venom, uniq_grinder, uniq_prince_ribbit1,
          uniq_eustachio, uniq_maggie
D:7:      layout_loops_cross, minmay_misc_feat_chi
D:8:      layout_basic, elyvilon_altar_1, mainiacjoe_overflow_surrounded_room,
          enter_bailey_5
D:9:      layout_cave_pods, marbit_many_paths, dpeg_lair_monsters, orc_0_dummy,
          special_room [special_room_orc]
D:10:     layout_long_grid, hangedman_minor_magic
D:11:     layout_rooms, serial_library_hellmonk_hallway_b, uniq_nergalle,
          uniq_maurice
D:12:     layout_irregular_city, lemuel_nasty_fountain, uniq_urug
D:13:     layout_rooms, skrybe_vaults_entry_preservation, uniq_frances,
          uniq_rupert, uniq_jorgrun
D:14:     layout_loops_ring, nicolae_danse_macabre
D:15:     hangedman_depths_entry_civil_slaughter, layout_stronghold,
          minmay_misc_feat_encased, serial_shops, nicolae_shop_waterfront,
          uniq_josephine
Temple:   minmay_crystal_spiral_temple
Lair:1:   layout_cave_pods, chequers_serial_rivers_micro_d, serial_bayou_pond_b,
          grunt_megastairs_5, uniq_gastronok
Lair:2:   regret_index_harrowing_hell_hive, layout_regular_city,
          skrybe_swamp_entry_bodies, dummy_spider_entry, lemuel_fruit_fields
Lair:3:   layout_loops_ring, dpeg_oklob_1
Lair:4:   dreamdust_labyrinth, layout_regular_city, dpeg_slime_entry_corner,
          beast_lair_carwin_7, grunt_megastairs_4, infiniplex_staircase_pool
Lair:5:   minmay_lair_end_frog_pond, layout_gridlike,
          nicolae_quartered_pool_impasse
Swamp:1:  layout_basic_swamp, serial_swamp_ruin, evilmike_swamp_ruin_rubble_2,
          evilmike_swamp_ruin_house_6, swamp_pool_3, st_swamp_ruins_2
Swamp:2:  layout_basic_swamp, evilmike_swamp_ruin_wall
Swamp:3:  nzn_winding_woodlands_cross
          [nzn_winding_woodlands_5x15_pathside_ponds,
          nzn_winding_woodlands_5x15_lazy_stream,
          nzn_winding_woodlands_5x15_zeroes,
          nzn_winding_woodlands_5x15_sidewinder,
          nzn_winding_woodlands_15x15_witchcraft], layout_falls_marsh,
          evilmike_swamp_ruin_house_1, nicolae_swamp_necromancer_hut,
          infiniplex_staircase_pool_2
Spider:1: layout_spider_delve, worms_lemuel, uniq_nikola
Spider:2: nicolae_spider_hilbert_zone_5 [nicolae_spider_hilbert_3_sides_1_open,
          nicolae_spider_hilbert_4_sides_1_open,
          nicolae_spider_hilbert_4_sides_1_open,
          nicolae_spider_hilbert_6_sides_1_open,
          nicolae_spider_hilbert_6_sides_1_open]
Spider:3: layout_cave_pods
Spider:4: johnstein_spider_rune_arachne_lair
Orc:1:    layout_caves, serial_shops, shop_fountains, elves_outpost_lemuel,
          uniq_fannar
Orc:2:    pubby_orc_utopia, uniq_sonja
Elf:1:    nicolae_elf_arrival_no_cutting_in_line, layout_rooms,
          nicolae_elf_altarnating
Elf:2:    nicolae_elf_blades_crystal_corner, layout_geoelf_grid, minivault_26,
          minivault_15, uniq_norris, uniq_donald, uniq_aizul

Notes
Turn   | Place    | Note
-------+----------+-------------------------------------------
     0 | D:1      | cforsyth the Mountain Dwarf Necromancer began the quest for
                  | the Orb.
     0 | D:1      | Reached XP level 1. HP: 14/14 MP: 3/3
   100 | D:1      | Reached skill level 1 in Fighting
   181 | D:1      | Reached XP level 2. HP: 23/23 MP: 2/4
  1060 | D:1      | Reached skill level 2 in Fighting
  1103 | D:1      | Reached skill level 5 in Necromancy
  1103 | D:1      | Reached XP level 3. HP: 29/29 MP: 2/5
  1879 | D:2      | Found Apriocko's Distillery.
  2023 | D:2      | Bought a potion of heal wounds for 50 gold pieces
  2289 | D:2      | Reached XP level 4. HP: 37/37 MP: 2/6
  2391 | D:1      | Reached skill level 3 in Fighting
  2592 | D:2      | Noticed Jessica
  2648 | D:2      | Killed Jessica
  2987 | D:3      | Found Lejit's Armour Boutique.
  3094 | D:3      | Reached XP level 5. HP: 45/45 MP: 4/7
  3582 | D:3      | Reached skill level 6 in Necromancy
  3836 | D:4      | Reached skill level 4 in Fighting
  4069 | D:4      | Found a stormy altar of Qazlal.
  4298 | D:4      | Identified the +0 cloak "Izxig" {rPois Will++ Dex-4 Slay+6}
  4594 | D:4      | Reached XP level 6. HP: 53/53 MP: 5/8
  4928 | D:5      | Entered Level 5 of the Dungeon
  4988 | D:5      | Found a runed translucent door.
  4989 | D:5      | Noticed Crazy Yiuf
  5106 | D:5      | Noticed Duvessa
  5137 | D:5      | Killed Duvessa
  5138 | D:5      | Reached skill level 1 in Axes
  5138 | D:5      | Reached skill level 1 in Armour
  5138 | D:5      | Reached skill level 1 in Shields
  5152 | D:5      | Noticed Dowan
  5255 | D:5      | Killed Dowan
  5306 | D:5      | Noticed a water moccasin
  5316 | D:5      | Killed a water moccasin
  5317 | D:5      | Reached skill level 5 in Fighting
  5317 | D:5      | Reached skill level 2 in Axes
  5317 | D:5      | Reached skill level 2 in Armour
  5317 | D:5      | Reached skill level 2 in Shields
  5317 | D:5      | Reached XP level 7. HP: 47/61 MP: 3/9
  5396 | D:5      | Found a hazy altar of Hepliaklqana.
  5701 | D:5      | Reached skill level 3 in Axes
  5748 | D:5      | Reached skill level 3 in Armour
  5748 | D:5      | Reached skill level 3 in Shields
  6070 | D:5      | Identified the +9 orcbow "Sefiwit" {speed, rF+ rC+}
  6700 | D:6      | Reached XP level 8. HP: 70/70 MP: 10/10
  6748 | D:6      | Reached skill level 4 in Axes
  6753 | D:6      | Reached skill level 6 in Fighting
  6838 | D:6      | Reached skill level 4 in Armour
  6838 | D:6      | Reached skill level 4 in Shields
  6903 | D:6      | Noticed Prince Ribbit
  6915 | D:6      | Killed Prince Ribbit
  7013 | D:6      | Reached skill level 5 in Axes
  7144 | D:6      | Noticed Eustachio
  7158 | D:6      | Killed Eustachio
  7159 | D:6      | Reached skill level 5 in Armour
  7159 | D:6      | Reached skill level 5 in Shields
  7211 | D:6      | Found a staircase to the Ecumenical Temple.
  7268 | D:6      | Found a runed translucent gate.
  7269 | D:6      | Found a runed translucent gate.
  7269 | D:6      | Found a runed translucent gate.
  7270 | D:6      | Noticed ytrimaz's ghost (novice DgSh)
  7270 | D:6      | Noticed DeathSocks's ghost (novice BaHu)
  7327 | Temple   | Entered the Ecumenical Temple
  7352 | Temple   | Became a worshipper of Kikubaaqudgha
  7420 | D:6      | Noticed Grinder
  7423 | D:6      | Killed Grinder
  7424 | D:6      | Reached skill level 7 in Fighting
  7424 | D:6      | Reached XP level 9. HP: 79/79 MP: 11/11
  7511 | D:6      | Noticed Maggie
  7540 | D:6      | Killed Maggie
  7541 | D:6      | Reached skill level 6 in Axes
  7829 | D:6      | Found Darerris's Serpentskin Sales.
  8020 | D:6      | Reached skill level 6 in Shields
  8271 | D:7      | Reached * piety under Kikubaaqudgha
  8271 | D:7      | Received a gift from Kikubaaqudgha
  8279 | D:7      | Learned a level 4 spell: Animate Dead
  8320 | D:7      | Noticed a two-headed ogre
  8332 | D:7      | Killed a two-headed ogre
  8333 | D:7      | Reached skill level 8 in Fighting
  8333 | D:7      | Reached skill level 7 in Axes
  8333 | D:7      | Reached skill level 6 in Armour
  9176 | D:8      | Identified a scroll of acquirement
  9176 | D:8      | Acquired 857 gold pieces
  9254 | D:8      | Found a white marble altar of Elyvilon.
  9329 | D:8      | Reached skill level 7 in Shields
  9336 | D:8      | Found a flagged portal.
  9359 | D:8      | Reached skill level 7 in Armour
  9359 | D:8      | Reached XP level 10. HP: 86/90 MP: 12/12
  9370 | Bailey   | Entered a bailey
  9540 | Bailey   | Noticed an orc knight
  9594 | Bailey   | Killed an orc knight
  9595 | Bailey   | Reached skill level 8 in Axes
  9726 | Bailey   | Identified a +0 crystal plate armour
  9769 | Bailey   | Noticed an orc knight
  9803 | Bailey   | Killed an orc knight
  9804 | Bailey   | Reached skill level 9 in Fighting
  9804 | Bailey   | Reached skill level 7 in Necromancy
  9994 | Bailey   | Acquired a manual of Axes
 10010 | D:8      | Found a sacrificial altar of Ru.
 10047 | D:8      | Reached ** piety under Kikubaaqudgha
 10412 | D:8      | Reached skill level 9 in Axes
 10421 | D:8      | Reached skill level 8 in Armour
 10811 | D:9      | Reached skill level 10 in Axes
 10813 | D:9      | Reached skill level 8 in Necromancy
 10842 | D:9      | Found a staircase to the Orcish Mines.
 10912 | D:9      | Noticed a red ugly thing
 10933 | D:9      | Killed a red ugly thing
 11058 | D:9      | Found a shadowy altar of Dithmenos.
 11227 | D:9      | Found a staircase to the Lair.
 11256 | D:9      | Reached XP level 11. HP: 99/99 MP: 9/13
 12011 | D:9      | Reached *** piety under Kikubaaqudgha
 12011 | D:9      | Received a gift from Kikubaaqudgha
 12015 | D:9      | Reached skill level 10 in Fighting
 12085 | D:9      | Found a roughly hewn altar of Beogh.
 12253 | D:10     | Entered Level 10 of the Dungeon
 12330 | D:10     | Reached skill level 11 in Axes
 12338 | D:10     | Reached skill level 9 in Armour
 12354 | D:10     | Noticed a two-headed ogre
 12361 | D:10     | Killed a two-headed ogre
 12520 | D:10     | Reached skill level 9 in Necromancy
 12705 | D:10     | Reached **** piety under Kikubaaqudgha
 12735 | D:10     | Reached skill level 12 in Axes
 12739 | D:10     | Noticed a deep elf zephyrmancer
 12745 | D:10     | Killed a deep elf zephyrmancer
 12747 | D:10     | Identified the +1 hat of the Lute {-Tele Dex+4 Slay+2}
 12755 | D:10     | Noticed a deep elf pyromancer
 12767 | D:10     | Killed a deep elf pyromancer
 13109 | D:10     | Noticed a two-headed ogre
 13123 | D:10     | Killed a two-headed ogre
 13289 | D:11     | Reached skill level 11 in Fighting
 13289 | D:11     | Reached skill level 10 in Armour
 13362 | D:11     | Noticed Nergalle
 13391 | D:11     | Killed Nergalle
 13554 | D:11     | Reached skill level 13 in Axes
 13587 | D:11     | Noticed Maurice
 13730 | D:11     | Killed Maurice
 13731 | D:11     | Reached XP level 12. HP: 65/110 MP: 12/14
 14154 | D:12     | Noticed a boulder beetle
 14182 | D:12     | Killed a boulder beetle
 14183 | D:12     | Reached skill level 10 in Necromancy
 14528 | D:12     | Noticed a boulder beetle
 14539 | D:12     | Killed a boulder beetle
 14918 | D:12     | Identified the +6 chain mail of the Transmuting Gods {rF+
                  | Dex+5}
 15358 | D:12     | Noticed Urug
 15398 | D:12     | Killed Urug
 15399 | D:12     | Reached skill level 14 in Axes
 15922 | D:12     | Reached ***** piety under Kikubaaqudgha
 16663 | D:5      | Killed Crazy Yiuf
 16764 | D:6      | Learned a level 4 spell: Dispel Undead
 16790 | D:5      | Killed ytrimaz's ghost
 16902 | D:6      | Killed DeathSocks's ghost
 17036 | Lair:1   | Entered Level 1 of the Lair of Beasts
 17119 | Lair:1   | Reached skill level 11 in Armour
 17406 | Lair:1   | Reached skill level 12 in Fighting
 17465 | Lair:1   | Noticed Gastronok
 17480 | Lair:1   | Killed Gastronok
 17481 | Lair:1   | Reached skill level 8 in Shields
 17610 | Lair:1   | Reached skill level 15 in Axes
 17614 | Lair:1   | Reached skill level 11 in Necromancy
 18276 | Lair:2   | Reached XP level 13. HP: 108/119 MP: 13/15
 18326 | Lair:2   | Found a hole to the Spider Nest.
 18726 | Lair:2   | Found a staircase to the Swamp.
 18747 | Lair:2   | Reached skill level 16 in Axes
 18747 | Lair:2   | Reached skill level 9 in Shields
 19058 | Lair:2   | Reached skill level 12 in Armour
 19070 | Lair:2   | Reached ****** piety under Kikubaaqudgha
 19551 | Lair:2   | Reached skill level 13 in Fighting
 19867 | Lair:3   | Reached skill level 12 in Necromancy
 20285 | Lair:3   | Reached skill level 17 in Axes
 20655 | Lair:3   | You fall into a shaft and drop 2 floors!
 20655 | Lair:5   | Entered Level 5 of the Lair of Beasts
 20680 | Lair:5   | Reached skill level 10 in Shields
 20684 | Lair:5   | Reached XP level 14. HP: 65/129 MP: 10/16
 21160 | Lair:5   | Reached skill level 13 in Armour
 21747 | Lair:5   | Identified the +1 pair of boots of Sessoapeoff {Rampage
                  | rC+}
 22524 | Lair:4   | Received a gift from Kikubaaqudgha (forbidden knowledge)
 22544 | Lair:4   | Reached skill level 14 in Fighting
 22547 | Lair:4   | Reached skill level 13 in Necromancy
 22666 | Lair:4   | Found a runed translucent door.
 22743 | Lair:4   | Found a staircase to the Slime Pits.
 22934 | Lair:4   | Reached skill level 11 in Shields
 23766 | Orc:1    | Entered Level 1 of the Orcish Mines
 23816 | Orc:1    | Found Pipanlu's Jewellery Shop.
 23863 | Orc:1    | Noticed Fannar
 23873 | Orc:1    | Killed Fannar
 24664 | Orc:2    | Entered Level 2 of the Orcish Mines
 25076 | Orc:2    | Learned a level 6 spell: Death Channel
 25250 | Orc:2    | Found a roughly hewn altar of Beogh.
 25396 | Orc:2    | Reached skill level 14 in Armour
 25597 | Orc:2    | Found Hasievyu's Antique Armour Boutique.
 25604 | Orc:2    | Reached XP level 15. HP: 121/135 MP: 17/17
 25647 | Orc:2    | Found Gowerun's Antique Weapon Shop.
 25832 | Orc:2    | Noticed Sonja
 25854 | Orc:2    | Killed Sonja
 25922 | Orc:2    | Identified a +0 robe of resistance
 26232 | Orc:2    | Found a staircase to the Elven Halls.
 26311 | Orc:2    | Reached skill level 12 in Shields
 26713 | Orc:2    | Reached skill level 14 in Necromancy
 26861 | Orc:2    | Reached skill level 15 in Fighting
 27054 | Orc:2    | Found a roughly hewn altar of Beogh.
 27068 | Orc:2    | Found Tofat's Book Shop.
 27416 | Orc:2    | Found Lemmai's Assorted Antiques.
 27516 | Orc:2    | Bought a scroll labelled COGIKENNIO for 22 gold pieces
 27789 | D:13     | Noticed Frances
 27910 | D:13     | Killed Frances
 27996 | D:13     | Noticed Jorgrun
 28336 | D:13     | Killed Jorgrun
 28385 | D:13     | Noticed Rupert
 28570 | D:13     | Killed Rupert
 29090 | D:3      | Bought a +2 pair of gloves for 231 gold pieces
 30278 | D:13     | Identified a potion of resistance
 30290 | D:13     | Found a gate to the Vaults.
 30492 | D:14     | Reached skill level 15 in Armour
 30934 | D:14     | Found a runed translucent door.
 30934 | D:14     | Found a basalt altar of Yredelemnul.
 30965 | D:14     | You fall into a shaft and drop 1 floor!
 30965 | D:15     | Entered Level 15 of the Dungeon
 30984 | D:15     | Found Syt Vooxt's Armour Emporium.
 31470 | D:15     | Reached skill level 15 in Necromancy
 31604 | D:15     | Noticed Josephine
 31626 | D:15     | Killed Josephine
 31627 | D:15     | Reached skill level 16 in Fighting
 31924 | D:15     | Found a staircase to the Depths.
 32277 | D:15     | Reached XP level 16. HP: 151/151 MP: 18/18
 33167 | D:14     | Reached skill level 16 in Armour
 33931 | Elf:1    | Entered Level 1 of the Elven Halls
 34500 | Elf:1    | Reached skill level 16 in Necromancy
 34650 | Elf:1    | Reached skill level 17 in Fighting
 35346 | Elf:1    | Found a hide-covered altar of Uskayaw.
 35483 | Elf:2    | Noticed Norris
 36085 | Spider:1 | Entered Level 1 of the Spider Nest
 36225 | Spider:1 | Identified the +7 orcbow of Action {drain, rPois Str+3
                  | Int+3}
 36280 | Spider:1 | Reached skill level 17 in Armour
 36522 | Spider:1 | Reached XP level 17. HP: 153/163 MP: 19/19
 36748 | Spider:1 | Reached skill level 17 in Necromancy
 37001 | Spider:1 | Noticed Nikola
 37266 | Swamp:1  | Entered Level 1 of the Swamp
 37665 | Spider:1 | Identified the +1 morningstar of Dried Tears {drain, rElec}
 37681 | Spider:1 | Identified the +4 ring mail of Hekliyff {Harm rElec rC+}
 38009 | Orc:2    | Bought a translucent morningstar for 189 gold pieces
 38009 | Orc:2    | Identified the +5 morningstar of Pecoila {spect, rElec rC+
                  | Dex+2} (You bought it in a shop on level 2 of the Orcish
                  | Mines)
 38921 | Elf:1    | Killed Norris
 38922 | Elf:1    | Reached skill level 18 in Fighting
 39464 | Elf:2    | Identified the amulet "Soryoc" {Acrobat rC+ MP+9 Dex+2}
 39528 | Elf:2    | Identified the serpent talisman "Gausyti" {rCorr Str+4}
 39528 | Elf:2    | Noticed Aizul
 39540 | Elf:2    | Killed Aizul
 40041 | Elf:2    | Found a runed translucent gate.
 40042 | Elf:2    | Found a runed translucent gate.
 40042 | Elf:2    | Found a runed translucent gate.
 40141 | Elf:2    | Identified the +8 great sword of Wounding {heavy, rC+
                  | rCorr}
 40735 | Elf:2    | Reached skill level 18 in Armour
 41721 | Spider:2 | Identified the +4 spear of the Furious {chaos, Str+3
                  | Stlth+}
 41887 | Spider:2 | Killed Nikola
 41888 | Spider:2 | Reached skill level 18 in Necromancy
 43391 | Spider:3 | Reached skill level 19 in Fighting
 44130 | Spider:4 | Entered Level 4 of the Spider Nest
 44253 | Spider:3 | Reached XP level 18. HP: 117/176 MP: 0/20
 45273 | Spider:4 | Noticed Arachne
 45286 | Spider:4 | Killed Arachne
 45321 | Spider:4 | Reached skill level 19 in Armour
 46832 | Spider:4 | Reached skill level 19 in Necromancy
 47109 | Spider:4 | Got a gossamer rune of Zot
 48848 | Swamp:1  | Reached skill level 20 in Fighting
 49800 | Swamp:2  | Identified the +2 ring mail "Nucsu" {+Inv Fly rCorr Stlth-}
 49817 | Swamp:2  | Reached skill level 2 in Spellcasting
 50360 | Swamp:3  | Reached skill level 2 in Dodging
 50424 | Swamp:3  | Identified the +9 rapier of Deawos {protect, MP+9 Str+3}
 50435 | Swamp:3  | HP: 16/178 [spriggan druid/angry trees (9)]
 50437 | Swamp:3  | HP: 4/178 [spriggan druid/angry trees (10)]
 50445 | Swamp:3  | Killed from afar by a spriggan druid

Vanquished Creatures
  Norris (Elf:1)
  Nikola (Spider:2)
  Jorgrun (D:13)
  Rupert (D:13)
  Gastronok (Lair:1)
  Frances (D:13)
  Aizul (Elf:2)
  An emperor scorpion (Spider:4)
  5 ghost moths
  A broodmother (Spider:2)
  2 deep elf demonologists
  An eleionoma (Swamp:1)
  A deep elf death mage (Elf:2)
  7 spark wasps
  A minotaur (Lair:4)
  An ettin (D:15)
  Josephine (D:15)
  A fire dragon (D:14)
  An entropy weaver (Spider:4)
  7 hydras
  2 jorogumos (Spider:4)
  A catoblepas (Lair:5)
  4 boulder beetles
  3 alligators
  An ogre mage (D:15)
  24 dancing weapons
  13 two-headed ogres
  4 tengu warriors
  6 centaur warriors
  4 death yaks (Lair:3)
  4 orc high priests (Orc:2)
  Urug (D:12)
  Nergalle (D:11)
  11 demonic crawlers
  Sonja (Orc:2)
  6 deep elf knights
  3 skysharks (Elf:1)
  4 skeletal warriors (D:15)
  The ghost of DeathSocks the Shooter, a novice BaHu of Beogh (D:6)
  6 pharaoh ants
  3 goliath frogs
  A spriggan druid (Swamp:2)
  A sun moth (Spider:2)
  The ghost of ytrimaz the Insei, a novice DgSh (D:5)
  4 bog bodies
  A deep troll (D:15)
  A spriggan rider (Swamp:2)
  8 orb spiders
  2 swamp dragons
  An arcanist (D:13)
  7 deep elf archers
  5 orc knights
  A necromancer (D:15)
  An orange crystal statue (Elf:2)
  3 steelbarb worms
  13 deep elf zephyrmancers
  27 deep elf pyromancers
  5 cyclopes
  An oklob plant (Lair:2)
  12 wolf spiders
  10 orc sorcerers
  13 ugly things
  3 manticores
  2 will-o-the-wisps (Swamp:1)
  3 elephants
  7 meliai
  Maurice (D:11)
  3 moths of wrath
  3 kobold blastminers (Orc:2)
  2 gargoyles (D:12)
  6 black mambas
  4 torpor snails
  Maggie (D:6)
  13 cane toads
  A rime drake (Lair:4)
  8 komodo dragons
  2 efreet
  2 tengu conjurers (D:14)
  3 trolls
  5 hornets
  A polar bear (Lair:4)
  A queen bee (Lair:2)
  Grinder (D:6)
  21 tarantellas
  2 tyrant leeches
  Prince Ribbit (D:6)
  5 blink frogs (Lair:5)
  3 dream sheep (Lair:5)
  10 slime creatures
  15 culicivoras
  24 jumping spiders
  6 wraiths
  3 shadows
  2 centaur simulacra (D:15)
  A basilisk (Lair:2)
  60 yaks
  Eustachio (D:6)
  2 fire elementals (Elf:1)
  A water elemental (Elf:1)
  4 spriggans
  12 wyverns
  36 redbacks
  5 wargs
  A steam dragon (D:8)
  13 vampire mosquitoes
  2 swamp worms
  An acid dragon (D:13)
  12 water moccasins
  Duvessa (D:5)
  2 black bears (D:9)
  A sky beast (D:8)
  A swamp drake (D:10)
  An ice beast (D:5)
  44 orc warriors
  10 wolves
  18 ogres
  8 centaurs
  10 bullfrogs
  A gnoll sergeant (D:10)
  2 scorpions
  15 wights
  Dowan (D:5)
  25 killer bees
  An electric eel (Lair:5)
  4 howler monkeys
  A crimson imp (D:10)
  A bombardier beetle (D:5)
  26 orc priests
  A gnoll bouda (D:6)
  7 jellies
  Crazy Yiuf (D:5)
  6 hounds
  An iron imp (D:10)
  A sleepcap (D:5)
  Jessica (D:2)
  4 iguanas
  18 orc wizards
  5 gnolls
  10 adders
  A shadow imp (D:6)
  5 white imps
  2 ufetubi (D:6)
  5 dart slugs
  4 ribbon worms
  136 orcs
  7 bats
  19 endoplasms
  5 giant cockroaches
  9 goblins
  3 hobgoblins
  9 quokkas
  10 ball pythons
  2 frilled lizards
  5 kobolds
  3 rats
  A butterfly (Lair:2)
1027 creatures vanquished.

Vanquished Creatures (collateral kills)
  Arachne (Spider:4)
  An orc warlord (Orc:2)
  2 ghost moths (Spider:4)
  An ironbound preserver (D:13)
  A bunyip (Swamp:1)
  An entropy weaver (Spider:4)
  Fannar (Orc:1)
  An ogre mage (D:15)
  4 alligators
  A jorogumo (Spider:4)
  A boulder beetle (Lair:2)
  A two-headed ogre (D:15)
  A death yak (Lair:3)
  4 demonic crawlers
  A deep elf knight (Elf:2)
  2 goliath frogs
  A pharaoh ant (Spider:4)
  A skyshark (Lair:5)
  A spriggan druid (Swamp:2)
  4 orb spiders
  A swamp dragon (Swamp:1)
  2 bog bodies
  3 steelbarb worms
  An orc knight (D:15)
  9 wolf spiders
  An oklob plant (Lair:2)
  An elephant (Lair:2)
  4 ugly things (D:15)
  2 moths of wrath (Spider:4)
  A black mamba (Lair:3)
  A torpor snail (Spider:4)
  8 cane toads
  A rime drake (Lair:2)
  4 komodo dragons
  3 polar bears (Lair:4)
  8 tarantellas
  3 tyrant leeches
  A dream sheep (Lair:5)
  4 blink frogs (Lair:5)
  21 jumping spiders
  8 culicivoras
  2 spriggans (Swamp:2)
  A wyvern (Lair:2)
  18 yaks
  2 elf zombies (Elf:2)
  18 redbacks
  2 vampire mosquitoes (Lair:5)
  4 swamp worms
  An acid dragon (D:10)
  5 water moccasins
  A swamp drake (Swamp:1)
  5 orc warriors
  3 wolves
  A centaur (D:14)
  4 bullfrogs
  6 killer bees (Lair:2)
  2 electric eels
  3 orc priests
  An iguana (D:9)
  A hell rat (Lair:2)
  3 gnolls (D:10)
  An adder (D:5)
  A shadow imp (D:10)
  15 orcs
  2 endoplasms
  A goblin (D:4)
  A hobgoblin (D:4)
  2 butterflies (Lair:2)
224 creatures vanquished.

Vanquished Creatures (others)
  A demonic crawler (Spider:2)
  A deep elf knight (Elf:2)
  An orb spider (Spider:2)
  A deep elf zephyrmancer (D:10)
  2 wolf spider zombies
  An alligator zombie (Swamp:3)
  A will-o-the-wisp (Swamp:3)
  A steelbarb worm zombie (Spider:1)
  2 orb spider zombies
  14 redback zombies
  2 hydra zombies (Swamp:3)
  A bloated husk (Swamp:3)
  A tarantella (Spider:2)
  8 culicivora zombies
  8 tarantella zombies
  17 jumping spider zombies
  A fire dragon zombie (D:14)
  A boulder beetle zombie (Spider:1)
  2 black mamba zombies (Lair:5)
  A tyrant leech zombie (Swamp:3)
  A redback (Spider:3)
  3 cane toad zombies
  An entropy weaver zombie (Spider:4)
  2 dream sheep zombies (Lair:5)
  A swamp dragon zombie (Swamp:3)
  13 elf zombies
  A torpor snail zombie (Spider:2)
  A rime drake zombie (Lair:4)
  A cyclops zombie (D:15)
  A kobold zombie (Orc:2)
  A warg zombie (Orc:1)
  A water moccasin zombie (Lair:5)
  A wyvern zombie (Lair:3)
  8 yak zombies
  6 wolf zombies (Lair:2)
  6 centaur zombies (D:14)
  4 bullfrog zombies
  A black bear zombie (D:9)
  A killer bee zombie (Lair:2)
  2 ogre zombies
  A hell rat zombie (Lair:2)
  A howler monkey zombie (D:9)
  30 orc zombies
  4 foxfires
159 creatures vanquished.

Grand Total: 1410 creatures vanquished

Table legend: (Time is in decaauts)
 A = Elapsed time spent in this place.
 B = Non-inter-level travel time spent in this place.
 C = Inter-level travel time spent in this place.
 D = Time resting spent in this place.
 E = Time spent auto-exploring this place.
 F = Levels seen in this place.
 G = Mean time per level.
                   A        B        C        D        E       F      G
               +--------+--------+--------+--------+--------+-----+--------+
         Total |  50235 |  45372 |   4863 |   7509 |  27855 |  33 | 1522.3 |
       Dungeon |  23661 |  20875 |   2786 |   2500 |  14160 |  15 | 1577.4 |
        Temple |     50 |      1 |     49 |      0 |      0 |   1 |   50.0 |
          Lair |   7553 |   6753 |    800 |    392 |   4744 |   5 | 1510.6 |
         Swamp |   2064 |   1977 |     87 |    331 |   1215 |   3 |  688.0 |
   Spider Nest |   7749 |   7313 |    436 |   2215 |   3449 |   4 | 1937.2 |
  Orcish Mines |   4582 |   4147 |    435 |    607 |   2659 |   2 | 2291.0 |
   Elven Halls |   3912 |   3645 |    267 |   1191 |   1561 |   2 | 1956.0 |
        Bailey |    660 |    660 |      0 |    273 |     66 |   1 |  660.0 |
               +--------+--------+--------+--------+--------+-----+--------+

Top non-repeatable levels by time:
   Orc:2: 3596 daAuts
Spider:3: 3107 daAuts
    D:12: 3027 daAuts
  Lair:2: 2212 daAuts
   Elf:2: 2072 daAuts
     D:5: 2013 daAuts
     D:9: 1980 daAuts
    D:15: 1978 daAuts
    D:13: 1941 daAuts
     D:6: 1906 daAuts
     D:1: 1867 daAuts
   Elf:1: 1840 daAuts
Spider:4: 1820 daAuts
  Lair:3: 1535 daAuts
Spider:2: 1415 daAuts

Table legend:
 A = Non-vault XP
 B = Vault XP
 C = Vault XP percentage of total XP
 D = Non-vault monster count
 E = Vault monster count
 F = Vault count percentage of total count
                 A         B        C        D         E       F
            +---------+---------+-------+---------+---------+-------
      Total |  216489 |  151751 |  41.2 |     738 |     512 |  41.0
            +---------+---------+-------+---------+---------+-------
        D:1 |      75 |       0 |   0.0 |      30 |       0 |   0.0
        D:2 |      64 |      37 |  36.6 |      20 |       1 |   4.8
        D:3 |      48 |      16 |  25.0 |      11 |       3 |  21.4
        D:4 |     134 |      12 |   8.2 |      21 |       4 |  16.0
        D:5 |     799 |     994 |  55.4 |      18 |       4 |  18.2
        D:6 |     724 |    2379 |  76.7 |      20 |      21 |  51.2
        D:7 |    1433 |       0 |   0.0 |      11 |       0 |   0.0
        D:8 |    2787 |     147 |   5.0 |      28 |       6 |  17.6
        D:9 |    1172 |    1200 |  50.6 |      17 |      30 |  63.8
       D:10 |    4479 |    1459 |  24.6 |      25 |      17 |  40.5
       D:11 |    3062 |    1286 |  29.6 |      25 |       2 |   7.4
       D:12 |    4578 |    1213 |  20.9 |      12 |       2 |  14.3
       D:13 |    4255 |    8590 |  66.9 |      15 |      11 |  42.3
       D:14 |   11086 |       0 |   0.0 |      23 |       0 |   0.0
       D:15 |   24539 |    5116 |  17.3 |      45 |      10 |  18.2
     Lair:1 |    3876 |    2808 |  42.0 |      18 |       7 |  28.0
     Lair:2 |    9429 |    8094 |  46.2 |      35 |      51 |  59.3
     Lair:3 |   10818 |       0 |   0.0 |      34 |       0 |   0.0
     Lair:4 |    4475 |    4120 |  47.9 |      17 |      13 |  43.3
     Lair:5 |    8917 |    8865 |  49.9 |      28 |      32 |  53.3
    Swamp:1 |   11514 |     679 |   5.6 |      23 |       1 |   4.2
    Swamp:2 |   10266 |       0 |   0.0 |      20 |       0 |   0.0
    Swamp:3 |    1293 |    3631 |  73.7 |       3 |       5 |  62.5
   Spider:1 |   18228 |    6020 |  24.8 |      58 |       8 |  12.1
   Spider:2 |    7461 |    6480 |  46.5 |      13 |       8 |  38.1
   Spider:3 |   21527 |     550 |   2.5 |      64 |       1 |   1.5
   Spider:4 |   15376 |   31639 |  67.3 |      45 |      51 |  53.1
      Orc:1 |    1235 |    5807 |  82.5 |       9 |       9 |  50.0
      Orc:2 |     646 |   24473 |  97.4 |       1 |     159 |  99.4
      Elf:1 |   14914 |   12066 |  44.7 |      23 |      14 |  37.8
      Elf:2 |   17279 |   12058 |  41.1 |      26 |      15 |  36.6
     Bailey |       0 |    2012 | 100.0 |       0 |      27 | 100.0
            +---------+---------+-------+---------+---------+-------
